 Dungeon Crawl Stone Soup version 0.22.1-1-ga44c0e5 (webtiles) character file.

0 Goblin1989 the Ruffian (level 1, -3/18 HPs)
             Began as a Naga Transmuter on Nov 2, 2018.
             Slain by a goblin
             ... wielding a +0 club
              (4 damage)
             ... on level 1 of the Dungeon.
             The game lasted 00:00:20 (73 turns).

Goblin1989 the Ruffian (Naga Transmuter)              Turns: 73, Time: 00:00:21

Health: -3/18      AC:  1    Str: 12    XL:     1   Next: 10%
Magic:  2/3        EV: 10    Int: 13    God:
Gold:   20         SH:  0    Dex: 11    Spells: 3/4 levels left

rFire    . . .     SeeInvis +     - Unarmed
rCold    . . .     Gourm    .   (no shield)
rNeg     . . .     Faith    .   b - +0 robe
rPois    +         Spirit   .   (no helmet)
rElec    .         Reflect  .   (no cloak)
rCorr    .         Harm     .   (no gloves)
MR       .....                  (no barding)
Stlth    +.........             (no amulet)
HPRegen  0.06/turn              (no ring)
MPRegen  0.08/turn              (no ring)

@: appendage (expiring), very slow
A: large, horns 2, see invisible, deformed body, poison resistance, slowness 2,
slow metabolism 1, spit poison 1, AC +0
a: Spit Poison, End Transformation


You were on level 1 of the Dungeon.
You were not hungry.
You had grown temporary horns.
You visited 1 branch of the dungeon, and saw 1 of its levels.

You collected 20 gold pieces.

Inventory:

Missiles
 a - 12 arrows
Armour
 b - a +0 robe (worn)
Scrolls
 f - a scroll of identify {unknown}
Potions
 g - a potion of curing {unknown}
Comestibles
 e - a ration


   Skills:
 - Level 1.0 Fighting
 - Level 1.5 Dodging
 - Level 3.0 Unarmed Combat
 - Level 2.0 Spellcasting
 * Level 2.0 Transmutations


You had 3 spell levels left.
You knew the following spells:

 Your Spells              Type           Power        Failure   Level  Hunger
a - Beastly Appendage     Tmut           #.....       11%         1    ##.....

Your spell library contained the following spells:

 Spells                   Type           Power        Failure   Level  Hunger
 Sticks to Snakes         Tmut           #.......     17%         2    ###....
 Spider Form              Tmut/Pois      #.........   45%         3    ####...
 Ice Form                 Ice/Tmut       #.......     86%         4    #####..
 Blade Hands              Tmut           #.........   97%         5    ######.


Dungeon Overview and Level Annotations

Branches:
Dungeon (1/15)

Altars:


Innate Abilities, Weirdness & Mutations

You cannot wear boots.
Your serpentine skin is tough. (AC +0)
You have supernaturally acute eyesight. (SInv)
Armour fits poorly on your strangely shaped body.
Your system is resistant to poisons. (rPois)
You cover ground very slowly.
You have a slow metabolism.
You can spit poison.
You have a pair of horns on your head.


Message History

e - a ration Welcome, Goblin1989 the Naga Transmuter.
The bosom of this dungeon contains the fabled artefact, the Orb of Zot.
Press ? for a list of commands and other information.
Found a staircase leading out of the dungeon.
f - a scroll labeled ASMYNA YNET
g - a red potion You now have 9 gold pieces.
You open the door.
There is an open door here.
You now have 20 gold pieces (gained 11).
You open the door.
A goblin and a kobold come into view.
The goblin shouts!
You close the door.
You start waiting.
The kobold is too close now for your liking.
You closely miss the kobold. The kobold hits you with a whip.
You take 1 damage, and have 17/18 hp.
You hit the kobold but do no damage. The kobold barely misses you.
You barely miss the kobold. The kobold hits you with a whip.
You take 5 damage, and have 12/18 hp.
MASSIVE DAMAGE!!
You hit the kobold but do no damage. The kobold hits you with a whip.
You take 3 damage, and have 9/18 hp.
You are too injured to fight recklessly!
You are too injured to fight recklessly!
You are too injured to fight recklessly!
You are too injured to fight recklessly!
You are too injured to fight recklessly!
You are too injured to fight recklessly!
You are too injured to fight recklessly!
You are too injured to fight recklessly!
You are too injured to fight recklessly!
You are too injured to fight recklessly!
You are too injured to fight recklessly!
You are too injured to fight recklessly!
You are too injured to fight recklessly!
You are too injured to fight recklessly!
You are too injured to fight recklessly!
You are too injured to fight recklessly!
You are too injured to fight recklessly!
You are too injured to fight recklessly!
You are too injured to fight recklessly!
You are too injured to fight recklessly!
You are too injured to fight recklessly!
You are too injured to fight recklessly!
You are too injured to fight recklessly!
You are too injured to fight recklessly!
Casting: Beastly Appendage (safe; 11% risk of failure)
Confirm with . or Enter, or press ? or * to list all spells.
You grow a pair of large bovine horns.
The kobold hits you with a whip.
* * * LOW HITPOINT WARNING * * *
You take 2 damage, and have 7/18 hp.
You now have 2/3 mp.
Unknown command.
You barely miss the kobold. Your headbutt misses the kobold.
The kobold closely misses you.
You completely miss the kobold. The kobold hits you with a whip.
* * * LOW HITPOINT WARNING * * *
You take 2 damage, and have 5/18 hp.
You barely miss the kobold.
Your transformation is almost over.
The kobold hits you with a whip.
* * * LOW HITPOINT WARNING * * *
You take 4 damage, and have 1/18 hp.
MASSIVE DAMAGE!!
You hit the kobold. Your punch misses the kobold.
The kobold is severely wounded.
The kobold closely misses you.
You hit the kobold.
You kill the kobold!
You closely miss the goblin. Your headbutt misses the goblin.
The goblin hits you but does no damage.
You miss the goblin. The goblin hits you with a club.
You die...

███████.█████..███
█................
█.█████.█████..██
█.█ █.█ ██...██
█.█ █.████.....█
█.█ █.........██
█.█ ████████.██
█.█ █.█ ███.█ █@█
█...███


█g█ █.█...█ ... █▲███∆██ ..... ...█...█ ....... ...█≈.≈█ .(....... ...█≈.≈█
█.........▲ ...█≈.≈█ ≈§█.......(.█ ...█≈.≈█§§.█ You could see a goblin.

Vanquished Creatures
  A kobold (D:1)
1 creature vanquished.

Notes
Turn   | Place    | Note
-------+----------+-------------------------------------------
     0 | D:1      | Goblin1989 the Naga Transmuter began the quest for the Orb.
     0 | D:1      | Reached XP level 1. HP: 18/18 MP: 3/3
    73 | D:1      | Slain by a goblin

Action                   || total
-------------------------++-------
Melee: Unarmed           ||    11
 Cast: Beastly Appendage ||     1
Dodge: Dodged            ||     3

Vault maps used:
D:1:      lightli_arrival_quake
